 Dungeon Crawl Stone Soup version 0.30.0-19-g36f170ea60 (webtiles) character file.

Game seed: 13616531233241345628

2326 jasper the Spear-Bearer (level 9, -6/61 HPs)
             Began as a Demonspawn Reaver on May 26, 2023.
             Was an Elder of Kikubaaqudgha.
             Mangled by a shadow (26 damage)
             ... on level 7 of the Dungeon.
             The game lasted 00:18:19 (6549 turns).

jasper the Spear-Bearer (Demonspawn Reaver)         Turns: 6549, Time: 00:18:21

Health: -6/61      AC: 12    Str: 13    XL:     9   Next: 19%
Magic:  12/12      EV: 11    Int: 25    God:    Kikubaaqudgha [****..]
Gold:   365        SH:  4    Dex: 11    Spells: 2/12 levels left

rFire   + . .        n - +4 trident (heavy)
rCold   + + .        (no shield)
rNeg    . . .        u - +2 ring mail {rF+}
rPois   .            (no helmet)
rElec   +            e - scarf "Ganyes" {+Inv, Contam rElec rC++ rCorr}
rCorr   +            (no gloves)
SInv    .            J - +0 pair of boots
Will    +....        (no amulet)
Stlth   +            d - ring "Reejud" {Will+ Int+6}
HPRegen 0.30/turn    i - +4 ring of protection
MPRegen 0.13/turn

%: no passive effects
@: no status effects
A: foul stench 1, sturdy frame 2, condensation shield, weakness stinger 1
a: Renounce Religion, Evoke Invisibility, Unearth Wretches


You were on level 7 of the Dungeon.
You worshipped Kikubaaqudgha.
Kikubaaqudgha was greatly pleased with you.
You visited 1 branch of the dungeon, and saw 7 of its levels.

You collected 365 gold pieces.

Inventory:

Hand Weapons
 a - a +1 spear
 g - a +0 dagger
 n - a +4 heavy trident (weapon)
 r - a +3 dire flail of draining
 t - a +0 glaive
 v - a +0 halberd
Missiles
 A - 2 javelins (quivered)
 G - 3 silver javelins
Armour
 b - a +0 leather armour
 e - the scarf "Ganyes" (worn) {+Inv, Contam rElec rC++ rCorr}
   (You acquired it on level 1 of the Dungeon)

   rC:        It greatly protects you from cold.
   rElec:     It insulates you from electricity.
   Contam:    It causes magical contamination when unequipped.
   rCorr:     It protects you from acid and corrosion.
 p - a +0 ring mail
 u - a +2 ring mail of fire resistance (worn)
 y - a +0 kite shield
 B - a +0 cloak of preservation
 J - a +0 pair of boots (worn)
Jewellery
 d - the ring "Reejud" (left hand) {Will+ Int+6}
   (You acquired it on level 1 of the Dungeon)

   [ring of intelligence]

   Int:       It affects your intelligence (+6).
   Will:      It increases your willpower.
 h - a ring of magical power
 i - a +4 ring of protection (right hand)
 l - a ring of protection from fire
 s - an amulet of faith
 w - a +6 ring of intelligence
 C - a ring of resist corrosion
Wands
 H - a wand of flame (24)
Scrolls
 j - a scroll of enchant weapon
 k - 3 scrolls of blinking
 q - 2 scrolls of identify
 x - 2 scrolls of immolation
 F - a scroll of fog
Potions
 c - 3 potions of attraction
 f - 5 potions of curing
 m - a potion of magic
 o - a potion of flight {unknown}
 z - a potion of haste {unknown}
 D - a potion of degeneration
 E - a potion of might {unknown}


   Skills:
 - Level 2.0 Fighting
 * Level 11.6 Polearms
 - Level 1.7 Dodging
 - Level 2.0 Spellcasting
 - Level 3.0 Conjurations


You had 2 spell levels left.
You knew the following spells:

 Your Spells              Type           Power      Damage    Failure   Level
a - Borgnjor's Vile Clut  Necr/Erth      1%         N/A       98%         5
b - Sublimation of Blood  Necr           2%         N/A       19%         2
c - Vampiric Draining     Necr           2%         2d6       36%         3

Your spell library contained the following spells:

 Spells                   Type           Power      Damage    Failure   Level
 Kiss of Death            Conj/Necr      40%        2d8       7%          1
 Momentum Strike          Conj/Tloc      20%        3d8       11%         2
 Necrotise                Necr           8%         1d4       13%         1
 Slow                     Hex            8%         N/A       13%         1
 Hailstorm                Conj/Ice       10%        3d5       21%         3
 Confusing Touch          Hex            2%         N/A       36%         3
 Summon Guardian Golem    Hex/Summ       2%         N/A       36%         3
 Animate Dead             Necr           2%         N/A       77%         4
 Dispel Undead            Necr           2%         3d7       77%         4
 Death Channel            Necr           1%         N/A       100%        6
 Simulacrum               Ice/Necr       1%         N/A       100%        6
 Orb of Destruction       Conj           8%         9d6       100%        7
 Spellforged Servitor     Conj/Summ      5%         N/A       100%        7


Dungeon Overview and Level Annotations

Branches:
Dungeon (7/15)
 Temple: D:4-7

Altars:
Ashenzari
Fedhas
Kikubaaqudgha
Okawaru
Sif Muna
Trog
Yredelemnul

Shops:
D:7 =

Annotations:
D:3 1 runed translucent door, Crazy Yiuf


Innate Abilities, Weirdness & Mutations

You may rarely emit foul miasma when damaged in melee.
Your movements are less encumbered by armour. (ER -4)
A meltable shield of frost defends you. (SH +4)
You have a small tail.


Message History

Kikubaaqudgha accepts your kill.
You feel sick.
You feel sick.
You take 1 damage, and have 31/61 hp.
Reach: n) +4 trident (heavy)
Press: ? - help, Dir - move target, f - orc
Aim: an orc, wielding a +0 dagger (about 34% to evade your +4 heavy trident)
You reach to attack!
You puncture the orc!
The orc is almost dead.
You feel sick. The orc hits you but does no damage.
You take 1 damage, and have 30/61 hp.
Okay, then.
Okay, then.
Okay, then.
The orc attacks as you move away! The orc closely misses you.
You feel sick.
You are no longer poisoned.
You take 1 damage, and have 29/61 hp.
The orc hits you but does no damage.
The shadow slips into darkness.
The shadow flickers and vanishes!
Deactivating autopickup; reactivate with Ctrl-A.
The orc attacks as you move away! You block the orc's attack.
The orc attacks as you move away! The orc hits you but does no damage.
The orc attacks as you move away! The orc barely misses you.
The orc attacks as you move away! The orc hits you but does no damage.
The shadow strikes at you from the darkness!
Ouch! That really hurt!
* * * LOW HITPOINT WARNING * * *
Reactivating autopickup.
You take 31 damage, and have 2/61 hp.
MASSIVE DAMAGE!!
You open the door.
The shadow slips into darkness.
The shadow flickers and vanishes!
Deactivating autopickup; reactivate with Ctrl-A.
You feel much better.
The kobold brigand throws a poisoned dart.
You block the poisoned dart.
The shadow strikes at you from the darkness!
You die...
Kikubaaqudgha rasps: "You have failed me!
Welcome... death!"

♣.#..####......... #..# ♣.#.##
#......... #... ♣ ♣.#.#
#.K....... +... ?#.♣o♣.gK#
#......... #..######
....K)...#####......... #..##....
:#.♣g♣...#...##.g..###'##...'....
♣ ♣.#......#....#........#....
♣.#......#o{..#.......##....
♣.#..#####.@..###.##..##....
.♣#.......##'## ####..##.... .
#.......# ... #.....#..... .♣
#.......# ....#.).).#.....
########.......# ....#†))..+.....
...............# ....+.<...#.....
...............# ....#.....##....
#..............# ...#########....
.....#'##########. .##.....##....


You could see a kobold brigand, a gnoll sergeant and an orc.

Vanquished Creatures
  Menkaure (D:5)
  5 water moccasins
  A black bear (D:4)
  An ice beast (D:6)
  A centaur (D:5)
  2 ogres
  A phantom (D:6)
  A bullfrog (D:6)
  2 kobold brigands (D:7)
  A gnoll sergeant (D:6)
  A scorpion (D:7)
  5 hounds
  A jelly (D:5)
  3 orc priests
  A gnoll bouda (D:6)
  A sleepcap (D:6)
  2 iguanas
  3 orc wizards
  19 gnolls
  6 adders
  2 shadow imps (D:5)
  A white imp (D:7)
  2 worms
  3 dart slugs
  11 orcs
  6 endoplasms
  8 giant cockroaches
  9 goblins
  9 hobgoblins
  5 jackals
  3 quokkas
  9 ball pythons
  7 bats
  A frilled lizard (D:3)
  19 kobolds
  9 rats
162 creatures vanquished.

Notes
Turn   | Place    | Note
-------+----------+-------------------------------------------
     0 | D:1      | jasper the Demonspawn Reaver began the quest for the Orb.
     0 | D:1      | Reached XP level 1. HP: 16/16 MP: 3/3
    77 | D:1      | Reached skill level 3 in Polearms
   148 | D:1      | Gained mutation: Your movements are slightly less
                  | encumbered by armour. (ER -2) [demonic ancestry]
   148 | D:1      | Reached XP level 2. HP: 14/21 MP: 5/5
   308 | D:1      | Found a faded altar of an unknown god.
   321 | D:1      | Prayed at the altar of an unknown god.
   321 | D:1      | Became a worshipper of Kikubaaqudgha
   321 | D:1      | Reached * piety under Kikubaaqudgha
   321 | D:1      | Received a gift from Kikubaaqudgha
   596 | D:1      | Reached XP level 3. HP: 27/27 MP: 6/6
   965 | D:1      | Identified 3 scrolls of acquirement
   965 | D:1      | Acquired 601 gold pieces
   966 | D:1      | Acquired the ring "Reejud" {Will+ Int+6}
   969 | D:1      | Acquired the scarf "Ganyes" {+Inv, Contam rElec rC++ rCorr}
   979 | D:1      | Learned a level 2 spell: Sublimation of Blood
   983 | D:1      | Learned a level 3 spell: Vampiric Draining
  1050 | D:2      | Reached skill level 4 in Polearms
  1310 | D:2      | Gained mutation: A meltable shield of frost defends you.
                  | (SH +4) [demonic ancestry]
  1310 | D:2      | Reached XP level 4. HP: 31/32 MP: 7/7
  1402 | D:2      | Found an iron altar of Okawaru.
  1526 | D:2      | Reached ** piety under Kikubaaqudgha
  2003 | D:3      | Reached skill level 5 in Polearms
  2127 | D:3      | Reached XP level 5. HP: 23/38 MP: 8/8
  2578 | D:3      | Found a runed translucent door.
  2579 | D:3      | Noticed Crazy Yiuf
  3062 | D:4      | Reached skill level 6 in Polearms
  3287 | D:4      | Found a broken altar of Ashenzari.
  3375 | D:4      | Noticed a black bear
  3389 | D:4      | Killed a black bear
  3390 | D:4      | Reached XP level 6. HP: 19/39 MP: 4/9
  3801 | D:5      | Entered Level 5 of the Dungeon
  3868 | D:5      | Reached *** piety under Kikubaaqudgha
  3868 | D:5      | Received a gift from Kikubaaqudgha
  3897 | D:5      | Reached skill level 7 in Polearms
  3974 | D:5      | Gained mutation: Your movements are less encumbered by
                  | armour. (ER -4) [demonic ancestry]
  3974 | D:5      | Reached XP level 7. HP: 41/50 MP: 10/10
  4019 | D:5      | Noticed Menkaure
  4025 | D:5      | Killed Menkaure
  4478 | D:5      | Reached skill level 8 in Polearms
  4941 | D:6      | Found a shimmering blue altar of Sif Muna.
  4961 | D:6      | Reached skill level 9 in Polearms
  4961 | D:6      | Gained mutation: You have a small tail. [demonic ancestry]
  4961 | D:6      | Reached XP level 8. HP: 49/56 MP: 11/11
  4967 | D:6      | Learned a level 5 spell: Borgnjor's Vile Clutch
  5480 | D:6      | Reached skill level 10 in Polearms
  5634 | D:6      | Identified the +4 dagger of Reageb {elec, rF+ Dex+2}
  6195 | D:7      | Found a bloodstained altar of Trog.
  6197 | D:7      | Found a blossoming altar of Fedhas.
  6207 | D:7      | Reached skill level 11 in Polearms
  6207 | D:7      | Found a basalt altar of Yredelemnul.
  6227 | D:7      | Reached **** piety under Kikubaaqudgha
  6230 | D:7      | Gained mutation: You may rarely emit foul miasma when
                  | damaged in melee. [demonic ancestry]
  6230 | D:7      | Reached XP level 9. HP: 61/61 MP: 12/12
  6427 | D:7      | Found Nutolig's Jewellery Boutique.
  6547 | D:7      | HP: 2/61 [something (31)]
  6549 | D:7      | Mangled by a shadow

Illustrated notes

Levels and vault maps discovered:
D:1:      dpeg_arrival_morbid_curiosity, layout_loops_ring,
          ebering_ecumenical_altar_sacrificial
D:2:      layout_loops_ring, basic_altar, chequers_arboretum, st_stairs_5
D:3:      minmay_octagon_keep, layout_basic, uniq_crazy_yiuf_cottage
D:4:      black_bear_nest_1, layout_basic, general_overflow_altar
D:5:      nicolae_cairo_tiling, layout_basic, hangedman_decor_push,
          grunt_ministairs_9, moated_statue, uniq_menkaure
D:6:      layout_loops_ring, lemuel_round_altar,
          minmay_fractal_squares_diagonal_5
D:7:      nzn_winding_woodlands_small [nzn_winding_woodlands_5x15_pockets,
          nzn_winding_woodlands_center_triple_pond,
          nzn_winding_woodlands_5x15_eye], layout_gridville,
          grunt_temple_overflow_open, lemuel_doored_altar,
          minmay_temple_entry_gardened_gates, serial_shops,
          nicolae_shop_window_shopping

Skill      XL: |  1  2  3  4  5  6  7  8 |
---------------+-------------------------+-----
Polearms       | 3 4 5 6 7 9 11 | 11.6
Fighting       | |  2.0
Dodging        | |  1.7
Spellcasting   | |  2.0
Conjurations   | |  3.0

Action                     |  1- 3 |  4- 6 |  7- 9 || total
---------------------------+-------+-------+-------++-------
  Melee: Spear             |   130 |   149 |       ||   279
         Halberd           |       |    95 |   154 ||   249
         Glaive            |       |    24 |       ||    24
         Trident           |       |       |    89 ||    89
         Tailslap          |       |       |     9 ||     9
         Punch             |       |       |     2 ||     2
  Throw: Boomerang         |    54 |    19 |       ||    73
         Javelin           |       |       |    19 ||    19
   Cast: Kiss of Death     |     2 |     2 |       ||     4
    Use: Scroll            |     5 |    10 |     4 ||    19
         Potion            |     1 |       |     3 ||     4
   Stab: Sleeping          |     1 |     1 |       ||     2
 Armour: Leather armour    |    30 |    12 |       ||    42
         Ring mail         |       |    70 |    78 ||   148
         Skin              |       |       |     9 ||     9
  Dodge: Dodged            |    57 |   108 |    82 ||   247
  Block: Other             |       |    32 |    39 ||    71
